 Dungeon Crawl Stone Soup version 0.18-a0-1084-g259f6cf (console) character file.

6099 FIQ the Cleaver (level 10, -5/91 HPs)
             Began as a Hill Orc Fighter on Jan 15, 2016.
             Was a Priest of Beogh.
             Slain by Maud
             ... wielding a +0 antimagic demon trident
              (21 damage)
             ... on level 10 of the Dungeon.
             The game lasted 00:19:58 (10549 turns).

FIQ the Cleaver (Hill Orc Fighter)                 Turns: 10549, Time: 00:19:58

Health: -5/91      AC: 17    Str: 24    XL:     10   Next: 88%
Magic:  0/10       EV:  8    Int: 10    God:    Beogh [***...]
Gold:   480        SH: 13    Dex: 15    Spells: 0 memorised, 9 levels left

rFire  . . .     SeeInvis .     a - +0 war axe
rCold  . . .     Gourm    .     b - +0 scale mail
rNeg   . . .     Faith    .     c - +0 shield
rPois  .         Spirit   .     (helmet restricted)
rElec  .         Dismiss  .     u - +0 cloak
rCorr  .         Reflect  .     j - +0 pair of gloves
SustAt .         Harm     .     (no boots)
MR     .....     Clarity  +     (no amulet)
Stlth  ..........               A - +6 ring of strength
                                z - +5 ring of protection

@: not resistant to hostile enchantments, extremely unstealthy
A: horns 1, agile 1, clarity, clever 1, weak 1, subdued magic 1
a: Smiting, Renounce Religion


You were on level 10 of the Dungeon.
You worshipped Beogh.
Beogh was most pleased with you.
You were not hungry.

You visited 1 branch of the dungeon, and saw 10 of its levels.

You collected 505 gold pieces.
You spent 25 gold pieces at shops.

Inventory:

Hand Weapons
 a - a +0 war axe (weapon)
 E - a +4 quarterstaff of chaos
Armour
 b - a +0 scale mail (worn)
 c - a +0 shield (worn)
 j - a +0 pair of gloves (worn)
 u - a +0 cloak (worn)
Jewellery
 w - an uncursed ring of magical power
 y - an uncursed ring of magical power
 z - a +5 ring of protection (left hand)
 A - a +6 ring of strength (right hand)
Wands
 h - a wand of fireball (7/15)
 o - a wand of draining (4/15)
 x - a wand of polymorph (15/24)
Scrolls
 d - 4 scrolls of remove curse
 e - 7 scrolls of identify {unknown}
 k - 6 scrolls of teleportation {unknown}
 l - 3 scrolls of recharging {unknown}
 m - a scroll of enchant weapon {unknown}
 p - 2 scrolls of random uselessness {unknown}
 r - 2 scrolls of noise {unknown}
 t - a scroll of magic mapping {unknown}
 v - a scroll of brand weapon {unknown}
 B - a scroll of blinking {unknown}
 C - a scroll of fear {unknown}
 D - 3 scrolls of amnesia {unknown}
Potions
 g - a potion of lignification
 s - 4 potions of curing
 H - a potion of agility {unknown}
Books
 i - a book of Summonings

   Spells                             Type                      Level
   a - Recall                         Summoning/Translocation      3
   b - Aura of Abjuration             Summoning                    5
   c - Summon Demon                   Summoning                    5
   d - Summon Forest                  Summoning/Translocation      5
   e - Summon Mana Viper              Hexes/Summoning              5
   f - Shadow Creatures               Summoning                    6
Comestibles
 f - 6 bread rations
 n - 2 beef jerkies
 q - 4 meat rations
 F - 7 fruits
 G - 6 slices of pizza
 I - 15 chunks of flesh


   Skills:
 + Level 9.4 Fighting
 * Level 13.2 Axes
 + Level 8.3 Armour
 + Level 8.5 Shields


You had 9 spell levels left.
You didn't know any spells.

Dungeon Overview and Level Annotations

Branches:
Dungeon (10/15)            Temple (0/1) D:6
   Lair: D:8-11         Orc: D:9-12

Altars:
Ashenzari
Cheibriados
Fedhas
Gozag
Kikubaaqudgha
Nemelex Xobeh
Okawaru
Pakellas
Qazlal
Ru
Trog
Vehumet
Yredelemnul
Zin

Shops:
D:4 !

Annotations:
D:10 Maud


Innate Abilities, Weirdness & Mutations

You have a pair of small horns on your head.
You are agile. (Dex +2)
You possess an exceptional clarity of mind.
Your mind is acute. (Int +2)
You are weak. (Str -2)
Your spells are a little easier to cast, but a little less powerful.


Message History

Maud is almost dead.
Maud closely misses you.
You hit Maud. You headbutt Maud, but do no damage.
Maud is almost dead.
You barely miss Maud. You headbutt Maud, but do no damage.
Maud is almost dead.
Maud hits you with an antimagic demon trident!!
* * * LOW HITPOINT WARNING * * *
You feel your power leaking away.
You are too injured to fight recklessly!
You hit Maud. Your headbutt misses Maud.
Maud is almost dead.
Maud closely misses you.
You hit Maud but do no damage. Your headbutt misses Maud.
Maud is almost dead.
You block Maud's attack.
You slash Maud! Your headbutt misses Maud.
Maud is almost dead.
Maud hits you with an antimagic demon trident!!
You die...

..##.....# #...P..#
####...÷.####P.....#
# #..÷...PPP......#
# ##.÷.PP...P.....#
# #P.PP.PPP..P...# #
##.....P....####
#........#.#
##.#....##.#
#...#....##.#
......#....##'#####
####..(#.......@@..#
#...#...........#
#...##........).#
#.........#+#####
#...#####.. .. ##.


You could see Maud.

Vanquished Creatures
  A hydra (D:9)
  The ghost of donomii the Chucker, an amateur OgHu of Vehumet (D:5)
  Prince Ribbit (D:6)
  Sigmund (D:5)
  Grum (D:9)
  A hippogriff (D:8)
  7 yaks
  2 hungry ghosts
  3 wolves (D:9)
  A black bear (D:8)
  A sky beast (D:9)
  An ice beast (D:9)
  2 centaurs
  An ogre (D:3)
  3 crocodiles (D:10)
  3 big kobolds (D:9)
  Blork the orc (D:5)
  4 giant frogs
  A gnoll sergeant (D:8)
  2 scorpions
  A crimson imp (D:9)
  A giant frog zombie (D:5)
  A giant frog skeleton (D:5)
  3 hounds
  3 jellies
  10 orc wizards
  Crazy Yiuf (D:5)
  6 orc priests
  An iguana (D:7)
  Natasha (thrice) (D:4)
  11 worker ants
  A killer bee zombie (D:9)
  2 sheep (D:9)
  A hound skeleton (D:9)
  Robin (D:2)
  9 gnolls
  6 adders
  2 river rats (D:10)
  A shadow imp (D:6)
  2 oozes
  3 adder zombies
  An adder skeleton (D:9)
  5 worms
  5 giant geckos
  36 orcs
  3 ball pythons
  10 bats
  4 giant cockroaches
  27 goblins
  15 hobgoblins
  13 jackals
  8 kobolds
  A quokka (D:3)
  A giant gecko zombie (D:6)
  3 giant newts
  A quokka skeleton (D:5)
  14 rats
  A fungus (D:10)
  3 plants (D:10)
258 creatures vanquished.

Vanquished Creatures (others)
  A fungus (D:10)
1 creature vanquished.

Grand Total: 259 creatures vanquished

Notes
Turn   | Place    | Note
--------------------------------------------------------------
     0 | D:1      | FIQ the Hill Orc Fighter began the quest for the Orb.
     0 | D:1      | Reached XP level 1. HP: 19/19 MP: 1/1
   322 | D:1      | Reached XP level 2. HP: 9/27 MP: 2/2
   682 | D:1      | Reached XP level 3. HP: 33/33 MP: 3/3
  1110 | D:2      | Reached skill level 4 in Fighting
  1182 | D:2      | Noticed Robin
  1189 | D:2      | Reached XP level 4. HP: 21/40 MP: 4/4
  1193 | D:2      | Killed Robin
  1481 | D:2      | Found an opulent altar of Gozag.
  1482 | D:2      | Found a sparkling altar of Nemelex Xobeh.
  1894 | D:2      | Reached XP level 5. HP: 32/46 MP: 5/5
  2207 | D:3      | Reached skill level 5 in Axes
  2590 | D:3      | Noticed an ogre
  2600 | D:3      | Killed an ogre
  2600 | D:3      | Reached XP level 6. HP: 16/53 MP: 6/6
  3039 | D:3      | Reached skill level 6 in Axes
  3113 | D:4      | Noticed Natasha
  3124 | D:4      | Killed Natasha
  3330 | D:4      | Found a basalt altar of Yredelemnul.
  3611 | D:4      | Noticed Natasha
  3623 | D:4      | Killed Natasha
  3623 | D:4      | Reached skill level 5 in Fighting
  3629 | D:4      | Found Ihideili's Distillery.
  3644 | D:4      | Reached XP level 7. HP: 31/61 MP: 7/7
  3889 | D:4      | Bought a potion of mutation for 25 gold pieces
  3892 | D:4      | Gained mutation: You possess an exceptional clarity of mind. [potion of mutation]
  3892 | D:4      | Gained mutation: Your body sometimes deteriorates upon taking damage. [potion of mutation]
  3933 | D:4      | Found a snail-covered altar of Cheibriados.
  3933 | D:4      | Found an oddly glowing altar of Pakellas.
  3934 | D:4      | Noticed Natasha
  3939 | D:4      | Killed Natasha
  3974 | D:4      | Found an ancient bone altar of Kikubaaqudgha.
  3979 | D:4      | Found a glowing silver altar of Zin.
  3981 | D:4      | Found a bloodstained altar of Trog.
  4012 | D:5      | Entered Level 5 of the Dungeon
  4047 | D:5      | Noticed Sigmund
  4052 | D:5      | Became a worshipper of Beogh the Brigand
  4060 | D:5      | Killed Sigmund
  4060 | D:5      | Reached skill level 7 in Axes
  4060 | D:5      | Reached skill level 5 in Shields
  4200 | D:5      | Noticed Crazy Yiuf
  4205 | D:5      | Killed Crazy Yiuf
  4440 | D:5      | Gained mutation: Your spells are a little easier to cast, but a little less powerful. [potion of mutation]
  4440 | D:5      | Gained mutation: You have a pair of small horns on your head. [potion of mutation]
  4440 | D:5      | Lost mutation: Your body sometimes deteriorates upon taking damage. [potion of mutation]
  4441 | D:5      | Gained mutation: Your mind is acute. (Int +2) [potion of mutation]
  4441 | D:5      | Gained mutation: You are weak. (Str -2) [potion of mutation]
  4468 | D:5      | Noticed donomii's ghost (amateur OgHu)
  4494 | D:5      | Killed donomii's ghost
  4494 | D:5      | Reached skill level 5 in Armour
  4494 | D:5      | Reached XP level 8. HP: 30/70 MP: 8/8
  4725 | D:5      | Reached skill level 8 in Axes
  4949 | D:5      | Noticed Blork the orc
  4954 | D:5      | Killed Blork the orc
  5255 | D:5      | Found a sacrificial altar of Ru.
  5256 | D:5      | Found a stormy altar of Qazlal.
  5357 | D:6      | Noticed Prince Ribbit
  5376 | D:6      | Killed Prince Ribbit
  5376 | D:6      | Reached skill level 9 in Axes
  5827 | D:6      | Found a shattered altar of Ashenzari.
  6271 | D:6      | Found a blossoming altar of Fedhas.
  6370 | D:6      | Found an opulent altar of Gozag.
  6424 | D:6      | Found a staircase to the Ecumenical Temple.
  6872 | D:7      | Reached XP level 9. HP: 73/78 MP: 9/9
  7173 | D:8      | Found an iron altar of Okawaru.
  7183 | D:8      | Gained mutation: You are agile. (Dex +2) [potion of beneficial mutation]
  7185 | D:8      | Reached skill level 10 in Axes
  7187 | D:8      | Reached * piety under Beogh
  7194 | D:8      | HP: 3/79 [gnoll/spear (2)]
  8074 | D:9      | Found a radiant altar of Vehumet.
  8140 | D:9      | Reached skill level 11 in Axes
  8143 | D:9      | Reached ** piety under Beogh
  8323 | D:9      | Reached XP level 10. HP: 38/88 MP: 10/10
  8363 | D:9      | Noticed a two-headed hydra
  9342 | D:9      | Noticed Grum
  9354 | D:9      | Reached skill level 12 in Axes
  9679 | D:9      | Killed Grum
  9927 | D:9      | Found a sacrificial altar of Ru.
  9986 | D:9      | Killed a two-headed hydra
 10348 | D:10     | Entered Level 10 of the Dungeon
 10404 | D:10     | Reached *** piety under Beogh
 10457 | D:10     | Reached skill level 13 in Axes
 10526 | D:10     | Noticed Maud
 10549 | D:10     | Slain by Maud

Vault maps used:
D:1:      minmay_arrival_semitransparent, hangedman_feature_mirror
D:2:      grunt_temple_overflow_opulence, first_bread, minmay_goblin_outpost,
          uniq_robin
D:3:      bh_chokoban
D:4:      kennysheep_the_goblin_king, cheibriados_altar_1, lemuel_doored_altar,
          grunt_temple_overflow_open, serial_shops, kennysheep_little_box,
          uniq_natasha
D:5:      lemuel_upstairs_altar, gammafunk_temple_overflow_pools,
          kennysheep_boxes, uniq_crazy_yiuf_cottage, uniq_sigmund,
          uniq_blork_the_orc
D:6:      evilmike_ruin_ashenzari, kennysheep_mini_moat,
          minmay_temple_entry_from_below_a, grunt_gozag_breadcrumbs,
          uniq_prince_ribbit1
D:8:      nicolae_overflow_hidden_temple
D:9:      lemuel_crystal_altar, hangedman_ranch, nicolae_ru_path_of_blood,
          uniq_grum
D:10:     grunt_lair_entry_orc_guard_hut, uniq_maud

Action                   |  1- 3 |  4- 6 |  7- 9 | 10-12 || total
-------------------------+-------+-------+-------+-------++-------
Melee: War axe           |   111 |   210 |   359 |   188 ||   868
       Quarterstaff      |       |       |       |     5 ||     5
Invok: Convert to Beogh  |       |       |     1 |       ||     1
  Use: Potion            |       |     4 |    10 |     1 ||    15
       Scroll            |       |       |     1 |       ||     1
  Eat: Chunk             |     1 |     8 |     6 |     6 ||    21
       Beef jerky        |       |       |     2 |       ||     2
       Meat ration       |       |       |     2 |       ||     2
       Fruit             |       |       |       |     5 ||     5
